 Dungeon Crawl Stone Soup version 0.23.2-1-ga50397a (webtiles) character file.

Game seed: 1912316490845597239

28 Iscandelvey the Vexing (level 3, 22/26 HPs)
             Began as a Demonspawn Arcane Marksman on Apr 17, 2019.
             Quit the game on level 1 of the Dungeon.
             The game lasted 00:00:27 (712 turns).

Iscandelvey the Vexing (Demonspawn Arcane Marksman)  Turns: 712, Time: 00:00:27

Health: 22/26      AC:  2    Str: 10    XL:     3   Next: 0%
Magic:  4/4        EV: 12    Int: 15    God:
Gold:   95         SH:  0    Dex: 13    Spells: 3/4 levels left

rFire    . . .     SeeInvis .   a - +0 hand crossbow
rCold    . . .     Gourm    .   (no shield)
rNeg     . . .     Faith    .   e - +0 robe
rPois    .         Spirit   .   (no helmet)
rElec    .         Reflect  .   (no cloak)
rCorr    .         Harm     .   (no gloves)
MR       .....                  (no boots)
Stlth    +.........             (no amulet)
HPRegen  0.08/turn              (no ring)
MPRegen  0.09/turn              (no ring)

@: no status effects
A: demonic guardian 1, sanguine armour 1
a: no special abilities


You were on level 1 of the Dungeon.
You were not hungry.

You visited 1 branch of the dungeon, and saw 1 of its levels.

You collected 95 gold pieces.

Inventory:

Hand Weapons
 a - a +0 hand crossbow (weapon)
Missiles
 d - 21 bolts (quivered)
Armour
 e - a +0 robe (worn)
Scrolls
 b - 2 scrolls of teleportation {unknown}
 c - 2 scrolls of enchant armour {unknown}
 h - 2 scrolls of identify {unknown}
 i - a scroll of noise {unknown}
Potions
 g - a potion of lignification {unknown}
 j - a potion of mutation {unknown}
 k - 2 potions of degeneration {unknown}
 l - a potion of curing {unknown}
 m - a potion of flight {unknown}
Comestibles
 f - 2 rations


   Skills:
 + Level 1.2 Fighting
 + Level 2.3 Crossbows
 + Level 2.0 Dodging
 + Level 1.0 Spellcasting
 + Level 3.5 Hexes


You had 3 spell levels left.
You knew the following spells:

 Your Spells              Type           Power        Failure   Level  Hunger
a - Corona                Hex            ##.....      6%          1    ##.....

Your spell library contained the following spells:

 Spells                   Type           Power        Failure   Level  Hunger
 Slow                     Hex            ##......     9%          2    ###....
 Inner Flame              Hex/Fire       #.......     34%         3    ####...
 Portal Projectile        Hex/Tloc       #.....       34%         3    ####...
 Cause Fear               Hex            ##........   50%         4    #####..
 Leda's Liquefaction      Hex/Erth       #.........   75%         4    #####..


Dungeon Overview and Level Annotations

Branches:
Dungeon (1/15)

Altars:


Innate Abilities, Weirdness & Mutations

A weak demonic guardian rushes to your aid.
When seriously injured, your bleeding wounds create armour. (AC +0)


Message History

Aim: a kobold (heavily wounded)
You shoot a bolt. The bolt hits the kobold.
The kobold is severely wounded.
The kobold hits you. The kobold closely misses you.
Firing (i - inventory)
d - 23 bolts (quivered)
Press: ? - help, Shift-Dir - straight line, f/p - kobold
Aim: a kobold (severely wounded)
You shoot a bolt. The bolt hits the kobold!
You kill the kobold!
Firing (i - inventory)
d - 22 bolts (quivered)
Press: ? - help, Shift-Dir - straight line, f - hobgoblin
Aim: a hobgoblin, wielding a +0 club You shoot a bolt.
The bolt hits the hobgoblin.
You kill the hobgoblin!
You have reached level 3!
Your experience leads to an increase in your attributes!
Increase (S)trength, (I)ntelligence, or (D)exterity?
You feel clever.
Your demonic ancestry asserts itself...
You feel the presence of a demonic guardian.
Are you sure you want to abandon this character and quit the game? (Confirm with "yes".)

...#.### ≈≈##≈#####..###..##
###. ...#...#### # ##.P#...##
#. ####......### ##.#####.# ##
#........## ##..###..###
#.........## #..###.....#####
#..........# #.#'#.......#...
#........(.#######...###.....#
#...........#....#..## ##...##
#.)..........@##....## ##..#.#
#...........##)###...###...###
#..........## #(###.......## #
#..........# .# ##.....## #
#.........## # ###..## #
#........## ###..####
#......### #...##..###
#...#### ###.#..#..# #.###
#...####.##


There were no monsters in sight!

Vanquished Creatures
  A dart slug (D:1)
  4 leopard geckos (D:1)
  A giant cockroach (D:1)
  3 goblins (D:1)
  3 hobgoblins (D:1)
  A ball python (D:1)
  4 bats (D:1)
  A frilled lizard (D:1)
  2 kobolds (D:1)
  A rat (D:1)
21 creatures vanquished.

Notes
Turn   | Place    | Note
-------+----------+-------------------------------------------
     0 | D:1      | Iscandelvey the Demonspawn Arcane Marksman began the quest
                  | for the Orb.
     0 | D:1      | Reached XP level 1. HP: 15/15 MP: 2/2
   310 | D:1      | Gained mutation: When seriously injured, your bleeding
                  | wounds create armour. (AC +0) [demonic ancestry]
   310 | D:1      | Reached XP level 2. HP: 21/21 MP: 3/3
   711 | D:1      | Gained mutation: A weak demonic guardian rushes to your
                  | aid. [demonic ancestry]
   711 | D:1      | Reached XP level 3. HP: 22/26 MP: 4/4
   712 | D:1      | Quit the game

Skill      XL: |  1  2 |
---------------+-------+-----
Crossbows      | 2 |  2.3
Dodging        | 2 |  2.0
Fighting       | |  1.2
Spellcasting   | |  1.0
Hexes          | |  3.5

Action                   || total
-------------------------++-------
 Fire: Hand crossbow     ||    60
Armor: Robe              ||     7
Dodge: Dodged            ||    30
